 Dungeon Crawl Stone Soup version 0.27.0-1-g7a089689b8 (webtiles) character file.

Game seed: 5698394753194280485

224 infcreate the Skirmisher (level 6, 38/39 HPs)
             Began as a Gargoyle Fighter on Aug 6, 2021.
             Quit the game on level 4 of the Dungeon.
             The game lasted 00:06:59 (3492 turns).

infcreate the Skirmisher (Gargoyle Fighter)         Turns: 3492, Time: 00:06:59

Health: 38/39      AC: 11    Str: 21    XL:     6   Next: 0%
Magic:  6/6        EV:  7    Int:  8    God:
Gold:   137        SH:  9    Dex: 10    Spells: 5/5 levels left

rFire    . . .     SeeInvis .   a - +0 flail
rCold    . . .     Faith    .   c - +0 kite shield
rNeg     + . .     Spirit   .   b - +0 scale mail
rPois    ∞         Reflect  .   (no helmet)
rElec    +         Harm     .   (no cloak)
rCorr    .         Rampage  .   (no gloves)
Will     .....                  (no boots)
Stlth    ..........             (no amulet)
HPRegen  0.13/turn              (no ring)
MPRegen  0.10/turn              (no ring)

@: no status effects
A: sickness immunity, AC +4, negative energy resistance 1, electricity
resistance, torment resistance 1, petrification resistance
a: no special abilities


You were on level 4 of the Dungeon.
You visited 1 branch of the dungeon, and saw 4 of its levels.

You collected 137 gold pieces.


Innate Abilities, Weirdness & Mutations

You are immune to sickness and miasma.
Your stone body is resilient. (AC +4)
You are immune to poison.
You resist negative energy. (rN+)
You are resistant to electric shocks. (rElec)
You are resistant to unholy torment.
You are immune to petrification.


   Skills:
 + Level 4.5 Fighting
 + Level 3.3 Maces & Flails
 + Level 4.5 Armour
 + Level 4.5 Shields


You had 5 spell levels left.
You didn't know any spells.
Your spell library was empty.

Inventory:

Hand Weapons
 a - a +0 flail (weapon)
Missiles
 l - a throwing net (quivered) {=f}
Armour
 b - a +0 scale mail (worn)
 c - a +0 kite shield (worn)
Wands
 i - a wand of acid (5)
Scrolls
 f - a scroll of immolation {unknown}
 h - a scroll of fear {unknown}
 k - a scroll of teleportation {unknown}
Potions
 d - a potion of might
 e - a potion of heal wounds {unknown}
 g - a potion of brilliance {unknown}
 j - a potion of cancellation {unknown}
 m - a potion of attraction {unknown}

Dungeon Overview and Level Annotations

Branches:
Dungeon (4/15)
 Temple: D:4-7

Altars:
Gozag

Annotations:
D:3 Grinder

## . .. .#
.###..#
######.#.....
#............
#...).......
#g@g......
#.........
#..####...
#..# . #.>.
#..# #..#
#..#


You could see 2 hobgoblins.


Message History

There is a stone staircase leading up here.
You climb upwards.
Level annotation: Grinder
There is a stone staircase leading down here.
There is a large open door here.
HP restored.
There is an open door here.
There is a stone staircase leading down here.
You climb downwards.
A hobgoblin and a kobold come into view.
The kobold shouts!
The hobgoblin shouts!
The kobold hits you but does no damage.
Found a stone staircase leading down.
There is a stone staircase leading up here.
You barely miss the kobold. You block the kobold's attack.
You closely miss the kobold.
A hobgoblin comes into view.
The kobold hits you with a +0 dagger. The kobold barely misses you.
The hobgoblin shouts!
You hit the kobold.
The kobold is heavily wounded.
You block the kobold's attack. The hobgoblin barely misses you.
You hit the kobold.
You kill the kobold!
You block the hobgoblin's attack. The hobgoblin barely misses you.
You have reached level 6!
Your experience leads to an increase in your attributes!
Increase (S)trength, (I)ntelligence, or (D)exterity?
You feel agile.
Are you sure you want to abandon this character and quit the game? (Confirm with "yes".)

Skill      XL: |  1  2  3  4 |
---------------+-------------+-----
Shields        | 4 |  4.5
Fighting       | 4 |  4.5
Armour         | 4 |  4.5
Maces & Flails | 3 |  3.3

Action                   |  1- 3 |  4- 6 || total
-------------------------+-------+-------++-------
Melee: Flail             |   147 |   117 ||   264
Armor: Scale mail        |    80 |    44 ||   124
Dodge: Dodged            |    52 |    28 ||    80
Block: Kite shield       |    88 |    63 ||   151

Levels and vault maps discovered:
D:1:      minmay_arrival_checkered_box, layout_rooms, chequers_mini_garden,
          eino_curves_04
D:2:      layout_rooms, basic_altar, hellmonk_ecumenical_altar_arch_garden,
          corexii_hall_statues_l
D:3:      layout_basic, uniq_grinder
D:4:      layout_basic

Notes
Turn   | Place    | Note
-------+----------+-------------------------------------------
     0 | D:1      | infcreate the Gargoyle Fighter began the quest for the Orb.
     0 | D:1      | Reached XP level 1. HP: 14/14 MP: 1/1
    85 | D:1      | Reached XP level 2. HP: 19/19 MP: 2/2
   772 | D:1      | Reached XP level 3. HP: 23/23 MP: 3/3
  1162 | D:2      | Found a faded altar of an unknown god.
  1363 | D:2      | Found an opulent altar of Gozag.
  1733 | D:3      | Noticed Grinder
  1743 | D:3      | Paralysed by Grinder for 5 turns
  2000 | D:3      | Reached XP level 4. HP: 29/29 MP: 4/4
  2183 | D:3      | Paralysed by Grinder for 7 turns
  2448 | D:3      | Reached skill level 4 in Shields
  2496 | D:4      | Reached skill level 4 in Fighting
  2599 | D:4      | Reached skill level 4 in Armour
  2748 | D:3      | Reached skill level 3 in Maces & Flails
  2748 | D:3      | Reached XP level 5. HP: 24/33 MP: 5/5
  3401 | D:4      | Noticed a black bear
  3492 | D:4      | Reached XP level 6. HP: 38/39 MP: 6/6
  3492 | D:4      | Quit the game

Vanquished Creatures
  An orc priest (D:3)
  A gnoll shaman (D:4)
  8 gnolls
  An adder (D:3)
  2 worms
  2 dart slugs
  4 orcs
  8 endoplasms
  A giant cockroach (D:2)
  5 hobgoblins
  6 kobolds
  2 quokkas
  4 ball pythons
  12 bats
  5 frilled lizards
  6 goblins
  5 rats
73 creatures vanquished.

Table legend: (Time is in decaauts)
 A = Elapsed time spent in this place.
 B = Non-inter-level travel time spent in this place.
 C = Inter-level travel time spent in this place.
 D = Time resting spent in this place.
 E = Time spent auto-exploring this place.
 F = Levels seen in this place.
 G = Mean time per level.
                   A        B        C        D        E       F      G
               +--------+--------+--------+--------+--------+-----+--------+
         Total |   3630 |   3427 |    203 |    708 |   1813 |   4 |  907.5 |
       Dungeon |   3630 |   3427 |    203 |    708 |   1813 |   4 |  907.5 |
               +--------+--------+--------+--------+--------+-----+--------+

Top non-repeatable levels by time:
     D:3: 1128 daAuts
     D:1: 1075 daAuts
     D:2: 839 daAuts
     D:4: 587 daAuts

Table legend:
 A = Non-vault XP
 B = Vault XP
 C = Vault XP percentage of total XP
 D = Non-vault monster count
 E = Vault monster count
 F = Vault count percentage of total count
                 A         B        C        D         E       F
            +---------+---------+-------+---------+---------+-------
      Total |     320 |       0 |   0.0 |      73 |       0 |   0.0
            +---------+---------+-------+---------+---------+-------
        D:1 |      37 |       0 |   0.0 |      25 |       0 |   0.0
        D:2 |      27 |       0 |   0.0 |      14 |       0 |   0.0
        D:3 |     129 |       0 |   0.0 |      22 |       0 |   0.0
        D:4 |     127 |       0 |   0.0 |      12 |       0 |   0.0
            +---------+---------+-------+---------+---------+-------
